Map: Defender's Landing LE

Players

HeroMarine - Winner!

  • Race: Terran Terran
  • Spawn Location: 7:00

DnS

  • Race: Protoss Protoss
  • Spawn Location: 1:00

Event: HomeStory Cup XV

VOD

Have the link to the VOD?

Description

Time

  • Played on: July 22, 2017, 3:22 p.m.
  • Length: 12:22

All games in this series

Show
View Real Time Build Order
Export as new Build Order

HeroMarine Terran - Winner!

Build Orders: MMM Bio 

Get SALT Encoding   

  12  0:00  SCV  
  13  0:13  SCV  
  14  0:18  Supply Depot  
  14  0:25  SCV  
  15  0:39  SCV  
  15  0:40  Barracks  
  16  0:43  Refinery  
  16  0:51  SCV  
  17  1:03  SCV  
  18  1:15  SCV  
  19  1:27  Marine  
  19  1:28  Orbital Command  
  20  1:41  Command Center  
  20  1:55  Factory  
  20  1:56  SCV  
  21  2:02  Refinery  
  21  2:06  Barracks Reactor  
  21  2:08  SCV  
  22  2:16  Supply Depot  
  22  2:20  SCV  
  23  2:38  SCV  
  23  2:39  Widow Mine  
  23  2:40  Starport  
  23  2:42  Marine  
  27  2:44  Marine  
  27  2:50  SCV  
  29  3:00  Marine  
  29  3:02  SCV, Marine  
  32  3:08  Orbital Command  
  32  3:14  SCV, Widow Mine  
  35  3:20  Viking  
  35  3:26  SCV, Marine x2  
  40  3:34  Barracks  
  40  3:36  SCV  
  40  3:39  SCV  
  44  3:50  SCV  
  44  3:51  SCV  
  46  3:59  Supply Depot  
  46  4:00  Barracks  
  46  4:02  SCV  
  45  4:03  SCV, Factory Tech Lab, Starport Tech Lab  
  45  4:08  Engineering Bay  
  46  4:21  Marine x2, SCV x2  
  50  4:25  Supply Depot  
  50  4:29  Stimpack, Factory Reactor  
  50  4:31  Starport Reactor  
  50  4:33  SCV x2  
  50  4:35  Terran Infantry Weapons Level 1  
  52  4:38  Marine  
  52  4:39  Marine  
  54  4:46  Marine  
  54  4:47  SCV x2  
  57  4:56  Marine x2  
  57  4:59  SCV x2, Combat Shields  
  61  5:01  Marine  
  62  5:08  Supply Depot  
  62  5:09  Supply Depot  
  62  5:10  Supply Depot  
  62  5:13  SCV  
  62  5:29  Marine x4  
  62  5:30  Medivac x2, Widow Mine x2, Supply Depot  
  62  5:31  Supply Depot  
  62  5:32  Supply Depot  
  74  5:47  Marine x4  
  74  5:48  Command Center  
  78  5:58  Missile Turret, Widow Mine x2  
  78  6:00  Medivac x2  
  78  6:01  Missile Turret  
  78  6:03  SCV x2  
  88  6:11  Marine  
  88  6:12  Marine x3  
  88  6:15  SCV x2  
  94  6:27  Liberator  
  94  6:29  Marine x2  
  94  6:30  Marine, Barracks  
  94  6:31  SCV x2, Barracks  
  99  6:33  Liberator  
  99  6:35  Refinery  
  99  6:36  Refinery  
  99  6:39  Marine  
  103  6:47  Marine, Supply Depot  
  103  6:48  Supply Depot  
  103  6:51  SCV  
  109  6:54  SCV  
  109  6:56  Marine  
  109  6:59  Marine x2  
  111  7:07  SCV x2, Marine  
  114  7:13  Orbital Command  
  114  7:14  Liberator, Marine  
  115  7:16  Marine, Widow Mine  
  115  7:17  Widow Mine  
  115  7:21  SCV x2  
  122  7:26  Barracks Tech Lab x2  
  122  7:27  Barracks Reactor  
  122  7:29  Missile Turret  
  122  7:33  SCV x2  
  122  7:34  Liberator  
  127  7:37  Marine x2  
  127  7:42  Marine  
  130  7:46  SCV x3  
  130  7:49  Marine  
  136  7:52  Marine  
  136  7:54  Widow Mine  
  136  7:55  Marine  
  136  7:56  Liberator  
  136  7:57  Marine  
  141  8:05  SCV x2, Marine x2  
  137  8:06  SCV  
  137  8:07  Marine  
  137  8:09  Marine x2  
  106  8:13  Marine  
  106  8:14  Widow Mine  
  106  8:15  Marine  
  106  8:17  SCV x2  
  113  8:21  Bunker  
  113  8:22  Widow Mine  
  113  8:23  Marine x2  
  113  8:25  Marine  
  113  8:26  SCV  
  112  8:27  Marine, Refinery  
  112  8:28  Refinery  
  112  8:29  Terran Infantry Armor Level 1, SCV, Marine  
  112  8:33  Marine  
  112  8:34  Marine, Medivac  
  119  8:35  SCV  
  119  8:39  SCV  
  119  8:41  Marine x2  
  120  8:42  Marine  
  120  8:45  Marine, Armory  
  120  8:47  Marine, Engineering Bay  
  125  8:51  Marine, Widow Mine  
  125  8:52  Widow Mine  
  130  8:56  Medivac  
  130  9:01  Marauder  
  133  9:03  Liberator, Marine x2  
  133  9:04  Marauder  
  133  9:09  SCV x2  
  138  9:10  SCV  
  138  9:11  Marauder  
  138  9:15  Marine x2, Supply Depot  
  143  9:19  Liberator  
  143  9:20  Supply Depot x2  
  143  9:22  Marauder  
  148  9:24  Marine  
  148  9:25  Supply Depot  
  148  9:27  Supply Depot  
  149  9:35  Marine  
  149  9:36  Marine x3  
  154  9:40  Terran Infantry Weapons Level 2  
  154  9:41  Terran Ship Weapons Level 1  
  154  9:42  Supply Depot  
  154  9:44  Supply Depot  
  154  9:47  Marine  
  154  9:49  Starport  
  154  9:50  Widow Mine x2  
  154  9:52  Marauder  
  159  9:54  Marauder, Marine x2  
  159  9:55  Marine  
  164  10:01  SCV x2  
  164  10:02  SCV  
  164  10:03  Liberator x2  
  164  10:07  Marauder  
  169  10:24  Marauder x2, Marine x2  
  169  10:27  Liberator x2  
  175  10:29  Marauder  
  173  10:43  Marine x3  
  173  10:45  Marauder  
  173  10:49  Liberator, Command Center  
  184  10:54  Concussive Shells  
  184  10:55  Marauder x2  
  186  11:08  Marauder  
  189  11:12  Marine x2  
  189  11:14  Marine  
  189  11:17  Barracks  
  192  11:19  Barracks x2  
  192  11:22  Marauder  
  190  11:28  Viking x2  
  190  11:29  Viking  
  190  11:30  Marauder  
  197  11:34  Marauder, Reaper  
Show
View Real Time Build Order
Export as new Build Order

DnS Protoss 

Build Orders: 1 Gate Expand, Oracle Opening 

Get SALT Encoding   

  12  0:00  Probe (Chrono Boost)  
  13  0:11  Probe (Chrono Boost)  
  14  0:17  Pylon  
  14  0:22  Probe (Chrono Boost)  
  16  0:35  Probe (Chrono Boost)  
  16  0:36  Gateway  
  16  0:41  Assimilator  
  16  0:46  Probe (Chrono Boost)  
  17  0:56  Probe (Chrono Boost)  
  18  1:07  Probe (Chrono Boost)  
  19  1:20  Nexus  
  19  1:22  Probe (Chrono Boost)  
  20  1:31  Cybernetics Core  
  20  1:35  Probe (Chrono Boost)  
  21  1:41  Assimilator  
  21  1:45  Probe (Chrono Boost)  
  22  1:50  Pylon  
  22  1:56  Probe (Chrono Boost)  
  23  2:08  Probe, Adept (Chrono Boost)  
  26  2:09  Warp Gate  
  26  2:20  Mothership Core (Chrono Boost)  
  28  2:23  Pylon  
  28  2:31  Probe (Chrono Boost)  
  28  2:32  Adept (Chrono Boost)  
  31  2:41  Probe (Chrono Boost)  
  31  2:42  Probe (Chrono Boost)  
  33  2:52  Probe (Chrono Boost)  
  33  2:53  Probe (Chrono Boost), Stargate  
  35  3:02  Probe (Chrono Boost), Adept  
  35  3:03  Probe (Chrono Boost)  
  39  3:13  Probe (Chrono Boost)  
  39  3:14  Probe (Chrono Boost)  
  40  3:23  Probe (Chrono Boost)  
  40  3:25  Probe (Chrono Boost)  
  40  3:26  Gateway  
  42  3:27  Gateway  
  42  3:34  Probe x2 (Chrono Boost)  
  43  3:37  Oracle (Chrono Boost)  
  47  3:43  Pylon  
  47  3:44  Probe  
  47  3:45  Probe  
  49  3:54  Probe  
  47  3:57  Probe  
  49  4:05  Probe  
  49  4:08  Oracle (Chrono Boost)  
  49  4:09  Probe  
  54  4:13  Nexus  
  54  4:16  Probe, Pylon  
  54  4:22  Adept  
  54  4:23  Probe  
  58  4:26  Assimilator  
  58  4:27  Sentry  
  58  4:28  Probe  
  61  4:36  Probe, Assimilator  
  61  4:38  Probe  
  63  4:47  Twilight Council  
  63  4:48  Probe  
  63  4:50  Probe  
  63  4:52  Forge  
  65  4:56  Phoenix (Chrono Boost)  
  67  5:00  Probe  
  67  5:01  Probe  
  69  5:07  Pylon  
  69  5:11  Protoss Ground Weapons Level 1  
  69  5:12  Probe  
  70  5:20  Pylon  
  70  5:25  Probe x2, Phoenix (Chrono Boost), Resonating Glaives (Chrono Boost)  
  70  5:26  Probe  
  75  5:31  Gateway  
  75  5:32  Gateway  
  75  5:36  Gateway  
  75  5:37  Probe  
  75  5:38  Probe  
  75  5:39  Probe  
  78  5:45  Sentry, Adept  
  78  5:47  Adept  
  78  5:49  Probe  
  85  5:52  Probe  
  85  5:53  Phoenix  
  85  5:54  Probe  
  89  5:58  Gateway  
  89  6:03  Gateway  
  89  6:09  Adept x3  
  95  6:12  Probe  
  95  6:13  Probe x2, Pylon  
  98  6:20  Pylon  
  98  6:25  Phoenix  
  100  6:26  Robotics Facility  
  100  6:32  Adept x3  
  106  6:38  Adept x3  
  112  6:43  Pylon, Assimilator  
  112  6:51  Phoenix  
  114  7:01  Adept x5  
  120  7:04  Pylon  
  120  7:08  Pylon x2  
  124  7:09  Pylon  
  124  7:15  Observer  
  125  7:22  Phoenix  
  127  7:27  Adept x8  
  141  7:50  Warp Prism  
  142  7:51  Adept x5  
  142  7:52  Adept x2  
  150  8:07  Protoss Ground Armor Level 1  
  150  8:08  Stalker  
  120  8:15  Adept x7  
  120  8:18  Assimilator  
  126  8:24  Blink (Chrono Boost)  
  126  8:31  Observer  
  123  8:42  Probe  
  123  8:43  Probe  
  123  8:46  Stalker  
  123  8:47  Stalker x7  
  131  9:14  Nexus, Robotics Bay  
  131  9:15  Robotics Facility  
  131  9:16  Pylon, Stalker x4  
  136  9:39  Stalker x7  
  136  9:40  Adept  
  152  9:46  Probe  
  152  9:47  Probe x2  
  152  9:49  Pylon  
  155  9:59  Extended Thermal Lance  
  153  10:09  Colossus x2 (Chrono Boost)  
  159  10:25  Adept x3  
  165  10:29  Pylon  
  165  10:30  Pylon x2  
  165  10:33  Pylon  
  156  10:48  Photon Cannon, Assimilator  
  156  10:49  Assimilator  
  156  10:50  Adept x7  
  158  11:09  Colossus x2 (Chrono Boost)  
  160  11:15  Adept x4  
  168  11:19  Adept x3  
  171  11:27  Adept  
  163  11:40  Stalker x5  
  173  11:48  Stalker x3  
  179  11:56  Observer (Chrono Boost)  
  168  12:10  Adept x5  
Tags
 
Add a new tag
Caveats
  • Supply blocks, unpowered buildings, or Contaminate may cause inaccurate times.
  • Supply counts are checked every 10 seconds.